 Dungeon Crawl Stone Soup version 0.20.1-1-g8b1a95d (webtiles) character file.

703 dohliylev the Covert (level 7, -3/49 HPs)
             Began as a Vampire Assassin on Dec 3, 2017.
             Was an Initiate of Makhleb.
             Shot with an arrow by a centaur (4 damage)
             ... on level 5 of the Dungeon.
             The game lasted 00:22:09 (6493 turns).

dohliylev the Covert (Vampire Assassin)             Turns: 6493, Time: 00:22:10

Health: -3/49      AC:  4    Str: 10    XL:     7   Next: 39%
Magic:  1/7        EV: 15    Int: 18    God:    Makhleb [......]
Gold:   229        SH:  3    Dex: 18    Spells: 4/6 levels left

rFire    . . .     SeeInvis +   a - +2 dagger
rCold    + . .     Gourm    .   (no shield)
rNeg     + + .     Faith    .   c - +0 robe
rPois    +         Spirit   .   (no helmet)
rElec    .         Reflect  +   d - +0 cloak
rCorr    .         Harm     .   i - +0 pair of gloves
MR       .....                  (no boots)
Stlth    ++++++....             n - +3 amulet of reflection
Regen    0.1/turn               l - ring of poison resistance
MPRegen  0.1/turn               (no ring)

@: brilliant, very slightly contaminated, regenerating slowly
A: fangs 3, see invisible, unbreathing
a: Bat Form, Renounce Religion


You were on level 5 of the Dungeon.
You worshipped Makhleb.
Makhleb was noncommittal.
You were thirsty.

You visited 2 branches of the dungeon, and saw 6 of its levels.
You also visited: Sewer.

You collected 229 gold pieces.

Inventory:

Hand Weapons
 a - a +2 dagger (weapon)
 b - a +0 blowgun
 o - a +3 short sword
 w - a +4 dagger
Missiles
 f - 15 poisoned needles
Armour
 c - a +0 robe (worn)
 d - a +0 cloak (worn)
 i - a +0 pair of gloves (worn)
Jewellery
 l - a ring of poison resistance (left hand)
 n - a +3 amulet of reflection (around neck)
Scrolls
 h - 3 scrolls of remove curse {unknown}
 j - a scroll of fog {unknown}
 k - 9 scrolls of identify {unknown}
 m - a scroll of blinking {unknown}
 q - a scroll of recharging {unknown}
 r - a scroll of immolation {unknown}
 s - 2 scrolls of teleportation {unknown}
Potions
 e - 3 potions of curing {unknown}
 g - 3 potions of blood
 p - a potion of degeneration {unknown}
 t - 2 potions of flight {unknown}
 u - 2 potions of brilliance
 v - a potion of agility {unknown}
 x - a potion of experience {unknown}
 z - a potion of cancellation {unknown}
 A - a potion of heal wounds {unknown}
Books
 y - a book of Minor Magic

   Spells                             Type                      Level
   a - Magic Dart                     Conjuration                  1
   b - Blink                          Translocation                2
   c - Call Imp                       Summoning                    2
   d - Slow                           Hexes                        2
   e - Conjure Flame                  Conjuration/Fire             3
   f - Mephitic Cloud                 Conjuration/Poison/Air       3


   Skills:
 - Level 1.7 Fighting
 + Level 2.5 Short Blades
 - Level 1.5 Throwing
 + Level 4.4 Dodging
 - Level 12.0 Stealth


You had 4 spell levels left.
You knew the following spells:

 Your Spells              Type           Power        Failure   Level  Hunger
a - Blink                 Tloc           N/A          4%          2    ###....


Dungeon Overview and Level Annotations

Branches:
Dungeon (5/15)             Temple (1/1) D:4

Altars:
Ashenzari
Cheibriados
Dithmenos
Elyvilon
Gozag
Hepliaklqana
Makhleb
Nemelex Xobeh
Okawaru
Sif Muna
Vehumet
Yredelemnul
Zin
The Shining One

Shops:
D:4 (

Annotations:
D:4 Ymberto's ghost, amateur MiHu


Innate Abilities, Weirdness & Mutations

You heal slowly.
You have razor-sharp teeth.
You have supernaturally acute eyesight. (SInv)
You can survive without breathing.


Message History

There is a stone staircase leading down here.
Casting: Blink
Confirm with . or Enter, or press ? or * to list all spells.
You miscast Blink.
You are very lightly contaminated with residual magic.
You feel uncomfortable.
The centaur unwields an uncursed shortbow.
The centaur closely misses you. The crimson imp misses you.
Casting: Blink
Confirm with . or Enter, or press ? or * to list all spells.
You blink.
You are feeling thirsty.
The centaur wields an uncursed shortbow.
The centaur shoots an arrow.
The arrow hits you!
* * * LOW HITPOINT WARNING * * *
The crimson imp shouts, "Give up, thou impertinent nut-hook beggar!"
It was a potion of brilliance.
You feel clever all of a sudden.
The centaur shoots an arrow.
The arrow hits you.
You die...

#...............#
#..(............###
###....#####......#
#..c.'...#......#
#.5..#...'......#
#....#####......#
#......# ######...
#......# ...
#@.....# ...
#......# .
########......#
#.............#
#.............#
#.............#
#.............#
#.............#
#...%.........#


You could see a centaur and a crimson imp.

Vanquished Creatures
  Sigmund (D:2)
  An ogre (D:4)
  A big kobold (Sewer)
  An orc priest (D:3)
  Crazy Yiuf (D:2)
  2 hounds (D:4)
  An orc wizard (D:3)
  7 adders
  5 river rats
  An ooze (D:4)
  2 worms
  3 dart slugs
  7 leopard geckos
  7 orcs
  7 bats
  10 giant cockroaches
  4 goblins (D:2)
  11 hobgoblins
  A jackal (Sewer)
  2 quokkas
  4 ball pythons
  5 frilled lizards
  14 kobolds
  6 rats
104 creatures vanquished.

Vanquished Creatures (others)
  An orc wizard (D:5)
1 creature vanquished.

Grand Total: 105 creatures vanquished

Notes
Turn   | Place    | Note
-------+----------+-------------------------------------------
     0 | D:1      | dohliylev the Vampire Assassin began the quest for the Orb.
     0 | D:1      | Reached XP level 1. HP: 16/16 MP: 1/1
    17 | D:1      | Reached skill level 6 in Stealth
   190 | D:1      | Reached XP level 2. HP: 17/22 MP: 2/2
   293 | D:1      | Reached skill level 7 in Stealth
   637 | D:1      | Found a sparkling altar of Nemelex Xobeh.
   705 | D:2      | Reached XP level 3. HP: 27/27 MP: 3/3
   824 | D:2      | Found a shattered altar of Ashenzari.
   916 | D:2      | Reached skill level 8 in Stealth
  1011 | D:2      | Reached XP level 4. HP: 27/33 MP: 4/4
  1266 | D:2      | Found a white marble altar of Elyvilon.
  1348 | D:2      | Noticed Sigmund
  1370 | D:2      | Killed Sigmund
  1370 | D:2      | Reached skill level 10 in Stealth
  1370 | D:2      | Reached XP level 5. HP: 11/38 MP: 5/5
  1579 | D:2      | Found a runed door.
  2283 | D:2      | Noticed Crazy Yiuf
  2302 | D:2      | Killed Crazy Yiuf
  2302 | D:2      | Reached XP level 6. HP: 20/44 MP: 3/6
  2864 | D:3      | Found a glowing drain.
  2970 | Sewer    | Entered a sewer
  2999 | Sewer    | Reached skill level 11 in Stealth
  3327 | Sewer    | Found a white marble altar of Elyvilon.
  5108 | D:3      | Found a glowing golden altar of the Shining One.
  5208 | D:4      | Found a staircase to the Ecumenical Temple.
  5217 | D:4      | Reached XP level 7. HP: 49/49 MP: 7/7
  5223 | Temple   | Entered the Ecumenical Temple
  5287 | Temple   | Became a worshipper of Makhleb the Destroyer
  5604 | D:4      | Noticed Ymberto's ghost (amateur MiHu)
  5615 | D:4      | Found Qyizohe's Antique Weapon Shoppe.
  5693 | D:4      | Found a sparkling altar of Nemelex Xobeh.
  5750 | D:4      | Reached skill level 12 in Stealth
  5908 | D:4      | Learned a level 2 spell: Blink
  6338 | D:5      | Entered Level 5 of the Dungeon
  6492 | D:5      | HP: 1/49 [centaur/arrow (9)]
  6493 | D:5      | Shot with an arrow by a centaur

Skill      XL: |  1  2  3  4  5  6  7 |
---------------+----------------------+-----
Stealth        | 6 7 8 10 11 12 | 12.0
Dodging        | 2 3 4 |  4.4
Fighting       | |  1.7
Short Blades   | |  2.5
Throwing       | |  1.5

Action                   |  1- 3 |  4- 6 |  7- 9 || total
-------------------------+-------+-------+-------++-------
Melee: Dagger            |    89 |   166 |    68 ||   323
       Bite              |     5 |    16 |     8 ||    29
 Fire: Blowgun           |    20 |    37 |    15 ||    72
 Cast: Blink             |       |       |     2 ||     2
 Abil: Bat Form          |       |     3 |     2 ||     5
       End Transformatio |       |     3 |     2 ||     5
  Use: Potion            |       |     5 |     1 ||     6
 Stab: Sleeping          |    10 |    12 |     5 ||    27
  Eat: Corpse            |     7 |    12 |     1 ||    20
Armor: Robe              |    21 |    36 |     8 ||    65
Dodge: Dodged            |    59 |    81 |    57 ||   197
Block: Other             |     6 |    19 |    16 ||    41
       Reflection        |       |       |     1 ||     1
